 Dungeon Crawl Stone Soup version 0.30-a0-949-g53dc5368d7 (webtiles) character file.

Game seed: 16877081874689475369

865 DeathPants the Slasher (level 8, 0/42 HPs)
             Began as a Vine Stalker Monk on Mar 27, 2023.
             Succumbed to a killer bee's poison
             ... on level 4 of the Dungeon.
             The game lasted 00:11:33 (3808 turns).

DeathPants the Slasher (Vine Stalker Monk)          Turns: 3808, Time: 00:11:34

Health: 0/42       AC:  5    Str: 14    XL:     8   Next: 3%
Magic:  10/14      EV: 13    Int: 12    God:
Gold:   255        SH:  0    Dex: 17    Spells: 13/14 levels left

rFire   . . .      SeeInvis .    b - +0 dagger (drain)
rCold   . . .      Faith    .    (no shield)
rNeg    + . .      Spirit   +    n - +1 robe {rN+}
rPois   .          Reflect  .    o - +0 helmet
rElec   .          Rampage  .    (no cloak)
rCorr   .                        m - +0 pair of gloves
Will    +....                    (no boots)
Stlth   ++                       l - amulet of magic regeneration
HPRegen 1.07/turn                (no ring)
MPRegen 0.54/turn                (no ring)

@: lethally poisoned (0 -> -4)
A: fangs 3, regeneration 1, magic shield, antimagic bite, no potion heal 2
a: no special abilities


You were on level 4 of the Dungeon.
You visited 1 branch of the dungeon, and saw 5 of its levels.

You collected 255 gold pieces.

Inventory:

Hand Weapons
 a - a +0 falchion
 b - a +0 dagger of draining (weapon)
Armour
 i - a +0 leather armour of poison resistance
 m - a +0 pair of gloves (worn)
 n - a +1 robe of positive energy (worn)
 o - a +0 helmet (worn)
Jewellery
 l - an amulet of magic regeneration (around neck)
Wands
 q - a wand of polymorph (3)
Scrolls
 d - a scroll of magic mapping {unknown}
 f - 3 scrolls of teleportation
 h - a scroll of amnesia
Potions
 c - a potion of ambrosia
 e - a potion of resistance {unknown}
 g - 3 potions of curing
 j - a potion of invisibility
 k - a potion of might
 p - a potion of brilliance {unknown}
 r - a potion of attraction {unknown}


   Skills:
 + Level 4.4 Fighting
 * Level 5.7 Long Blades
 - Level 2.5 Dodging
 - Level 2.7 Stealth
 + Level 3.5 Spellcasting
 + Level 3.5 Necromancy


You had 13 spell levels left.
You knew the following spells:

 Your Spells              Type           Power      Damage    Failure   Level
a - Necrotise             Necr           40%        1d6       5%          1

Your spell library contained the following spells:

 Spells                   Type           Power      Damage    Failure   Level
 Apportation              Tloc           4%         N/A       24%         1
 Summon Small Mammal      Summ           8%         N/A       24%         1


Dungeon Overview and Level Annotations

Branches:
Dungeon (5/15)
 Temple: D:4-7

Altars:
Uskayaw
Wu Jian
Xom

Shops:
D:1 *   D:2 (   D:3 (


Innate Abilities, Weirdness & Mutations

You have razor-sharp teeth.
Your natural rate of healing is unusually fast.
When hurt, damage is shared between your health and your magic reserves.
Your bite disrupts and absorbs the magic of your enemies.
Potions cannot restore your health.


Message History

The killer bee stings you.
* * * LOW HITPOINT WARNING * * *
The killer bee barely misses you. x2; The killer bee stings you.
* * * LOW HITPOINT WARNING * * *
You closely miss the killer bee. Your bite misses the killer bee.
The killer bee is moderately wounded.
You feel sick. The killer bee barely misses you.
The killer bee stings you but does no damage. x2
The killer bee barely misses you.
You hit the killer bee but do no damage.
You bite the killer bee. You drain its power.
You feel invigorated.
The killer bee is severely wounded.
You feel sick.
The killer bee stings you but does no damage.
The killer bee misses you.
You hit the killer bee but do no damage.
You drain the killer bee. You bite the killer bee.
You kill the killer bee!
You feel sick.
The killer bee stings you but does no damage.
The killer bee closely misses you.
You have reached level 8!
You feel agile.
Your teeth grow very long and razor-sharp.
You miss the killer bee. You bite the killer bee. You drain its power.
You feel invigorated.
The killer bee is lightly wounded.
You feel sick. The killer bee stings you.
* * * LOW HITPOINT WARNING * * *
You are lethally poisoned!
The killer bee poisons you!
You miss the killer bee.
The killer bee is lightly wounded.
* * * LOW HITPOINT WARNING * * *
You feel very sick.
The killer bee stings you but does no damage.
The killer bee barely misses you.
You barely miss the killer bee.
The killer bee is lightly wounded.
You die...

#.#....#
#.))...#
##)###.# #.#
#.# #.# #.#
#.# #.# ####
#.# #.# #...
############.#
#.####.##
......y@.....#
#......##
############.#
#..<...##
#......>.....
#.#.###.#####
.. ##.#... #
##..## #.
#..## #.#
##..## #.##
##.#.##


You could see a killer bee.

Vanquished Creatures
  Eustachio (D:4)
  Menkaure (D:4)
  A phantom (D:4)
  3 killer bees (D:4)
  An orc priest (D:4)
  Jessica (D:3)
  4 orc wizards
  Robin (D:2)
  8 gnolls
  3 adders
  3 worms
  2 dart slugs
  12 orcs
  9 ball pythons
  4 endoplasms
  4 giant cockroaches
  10 hobgoblins
  7 jackals
  7 kobolds
  4 quokkas
  A bat (D:2)
  4 frilled lizards
  15 goblins
  6 rats
112 creatures vanquished.

Notes
Turn   | Place    | Note
-------+----------+-------------------------------------------
     0 | D:1      | DeathPants the Vine Stalker Monk began the quest for the
                  | Orb.
     0 | D:1      | Reached XP level 1. HP: 11/11 MP: 2/2
   226 | D:1      | Reached XP level 2. HP: 12/16 MP: 3/3
   286 | D:1      | Reached skill level 3 in Long Blades
   289 | D:1      | Learned a level 1 spell: Necrotise
   510 | D:1      | Found Uschihaan's General Store.
   584 | D:1      | Reached XP level 3. HP: 19/19 MP: 4/4
  1456 | D:3      | Reached skill level 1 in Necromancy
  1489 | D:3      | Noticed Jessica
  1497 | D:3      | Killed Jessica
  1498 | D:3      | Reached skill level 1 in Spellcasting
  1498 | D:3      | Gained mutation: Your natural rate of healing is unusually
                  | fast. [Vine Stalker growth]
  1498 | D:3      | Reached XP level 4. HP: 24/24 MP: 6/6
  1669 | D:2      | Noticed Robin
  1757 | D:2      | Killed Robin
  1877 | D:2      | Reached XP level 5. HP: 28/28 MP: 8/8
  2232 | D:2      | Found Qetuanuycui's Antique Weapon Boutique.
  2404 | D:3      | Reached skill level 4 in Long Blades
  2464 | D:3      | Found an ornate altar of the Wu Jian Council.
  2551 | D:3      | Reached XP level 6. HP: 32/32 MP: 8/10
  2636 | D:3      | Found Taneeg's Antique Weapon Boutique.
  2807 | D:4      | Noticed Menkaure
  3472 | D:4      | Noticed Eustachio
  3511 | D:4      | Killed Eustachio
  3512 | D:4      | Reached XP level 7. HP: 37/37 MP: 10/12
  3522 | D:4      | Reached skill level 5 in Long Blades
  3534 | D:4      | Found a shimmering altar of Xom.
  3534 | D:4      | Found a shimmering altar of Xom.
  3534 | D:4      | Found a shimmering altar of Xom.
  3535 | D:4      | Found a shimmering altar of Xom.
  3535 | D:4      | Found a shimmering altar of Xom.
  3535 | D:4      | Found a shimmering altar of Xom.
  3536 | D:4      | Found a shimmering altar of Xom.
  3598 | D:4      | Killed Menkaure
  3701 | D:4      | Found a hide-covered altar of Uskayaw.
  3758 | D:5      | Entered Level 5 of the Dungeon
  3806 | D:4      | Gained mutation: You have razor-sharp teeth. [Vine Stalker
                  | growth]
  3806 | D:4      | Reached XP level 8. HP: 6/42 MP: 10/14
  3807 | D:4      | HP: 2/42 [poisoned by a killer bee]
  3808 | D:4      | Succumbed to a killer bee's poison

Illustrated notes

Levels and vault maps discovered:
D:1:      minmay_arrival_cross, layout_basic, serial_shops, shop
D:2:      layout_basic, serial_shops, nicolae_square_shop, uniq_robin
D:3:      minmay_evil_eye, layout_loops_corners, amcnicky_altar_gilded,
          serial_shops, nicolae_shop_advertising_works
          [nicolae_subvault_shop_adworks], uniq_jessica
D:4:      layout_loops_ring, mainiacjoe_overflow_alcove_2, xom_redecorated,
          uniq_menkaure, uniq_eustachio
D:5:      layout_cave_pools, minmay_temple_entry_antechambers, enter_ossuary_5

Skill      XL: |  1  2  3  4  5  6  7 |
---------------+----------------------+-----
Long Blades    | 3 4 5 |  5.7
Fighting       | 3 4 |  4.4
Necromancy     | 1 2 3 |  3.5
Spellcasting   | 1 2 3 |  3.5
Dodging        | |  2.5
Stealth        | |  2.7

Action                     |  1- 3 |  4- 6 |  7- 9 || total
---------------------------+-------+-------+-------++-------
  Melee: Falchion          |    72 |       |       ||    72
         Bite              |    24 |    74 |    21 ||   119
         Dagger            |    28 |   218 |    72 ||   318
         Punch             |       |     2 |     1 ||     3
   Cast: Necrotise         |       |     4 |       ||     4
    Use: Scroll            |       |     7 |       ||     7
         Potion            |       |       |     1 ||     1
   Stab: Sleeping          |     4 |     3 |     1 ||     8
 Armour: Robe              |     8 |    49 |    24 ||    81
         Leather armour    |     1 |       |       ||     1
  Dodge: Dodged            |    55 |   108 |    53 ||   216

Table legend: (Time is in decaauts)
 A = Elapsed time spent in this place.
 B = Non-inter-level travel time spent in this place.
 C = Inter-level travel time spent in this place.
 D = Time resting spent in this place.
 E = Time spent auto-exploring this place.
 F = Levels seen in this place.
 G = Mean time per level.
                   A        B        C        D        E       F      G
               +--------+--------+--------+--------+--------+-----+--------+
         Total |   3784 |   3664 |    120 |     86 |   2400 |   5 |  756.8 |
       Dungeon |   3784 |   3664 |    120 |     86 |   2400 |   5 |  756.8 |
               +--------+--------+--------+--------+--------+-----+--------+

Top non-repeatable levels by time:
     D:2: 1290 daAuts
     D:3: 1021 daAuts
     D:1: 988 daAuts
     D:4: 462 daAuts
     D:5: 21 daAuts
